 Dungeon Crawl Stone Soup version 0.22-a0-469-gf26638a71f (webtiles) character file.

834 Kaname the Conjurer (level 7, -2/46 HPs)
             Began as a Demonspawn Wizard on June 13, 2018.
             Shot with an arrow by a centaur (8 damage)
             ... on level 5 of the Dungeon.
             The game lasted 00:16:42 (4737 turns).

Kaname the Conjurer (Demonspawn Wizard)             Turns: 4737, Time: 00:16:43

Health: -2/46      AC:  2    Str:  7    XL:     7   Next: 66%
Magic:  5/11       EV: 12    Int: 21    God:
Gold:   194        SH:  0    Dex: 12    Spells: 3/12 levels left

rFire    . . .     SeeInvis .   u - +1 spear (venom)
rCold    . . .     Gourm    .   (no shield)
rNeg     . . .     Faith    .   a - +0 robe
rPois    .         Spirit   .   b - +0 hat
rElec    .         Reflect  .   (no cloak)
rCorr    .         Harm     .   (no gloves)
MR       .....                  (no boots)
Stlth    +++.......             (no amulet)
HPRegen  0.15/turn              c - ring of stealth
MPRegen  0.12/turn              (no ring)

@: very slightly contaminated
A: horns 1, demonic guardian 1
a: no special abilities


You were on level 5 of the Dungeon.
You were very hungry.

You visited 1 branch of the dungeon, and saw 5 of its levels.

You collected 194 gold pieces.

Inventory:

Hand Weapons
 s - a +0 short sword
 u - a +1 spear of venom (weapon)
Missiles
 h - 64 arrows
 r - 6 curare-tipped needles
Armour
 a - a +0 robe (worn)
 b - a +0 hat (worn)
Jewellery
 c - a ring of stealth (left hand)
Wands
 l - a wand of acid (9)
Scrolls
 g - a scroll of fear
 k - 4 scrolls of remove curse
 m - a scroll of fog
 o - a scroll of blinking
 t - 3 scrolls of identify
Potions
 e - a potion of agility
 f - 2 potions of flight {unknown}
 j - 2 potions of haste
 n - 2 potions of magic {unknown}
 p - a potion of heal wounds
 q - a potion of curing {unknown}
 v - a potion of degeneration {unknown}
Comestibles
 d - 11 rations


   Skills:
 - Level 4.0 Short Blades
 - Level 1.7 Dodging
 - Level 4.0 Stealth
 - Level 3.0 Spellcasting
 + Level 6.2 Conjurations
   Level 1.0 Summonings
 - Level 1.0 Translocations


You had 3 spell levels left.
You knew the following spells:

 Your Spells              Type           Power        Failure   Level  Hunger
a - Magic Dart            Conj           ####         1%          1    None
b - Blink                 Tloc           N/A          13%         2    ##.....
c - Mephitic Cloud        Conj/Pois/Air  ##......     17%         3    ###....
d - Conjure Flame         Conj/Fire      ###.....     11%         3    ###....

Your spell library contained the following spells:

 Spells                   Type           Power        Failure   Level  Hunger
 Slow                     Hex            #.......     21%         2    ##.....
 Call Imp                 Summ           #.......     13%         2    ##.....


Dungeon Overview and Level Annotations

Branches:
Dungeon (5/15)             Temple (0/1) D:5

Altars:
Trog


Innate Abilities, Weirdness & Mutations

You have a pair of small horns on your head.
A weak demonic guardian rushes to your aid.


Message History

The centaur is too close now for your liking.
Casting: Magic Dart (safe; 1% risk of failure)
Confirm with . or Enter, or press ? or * to list all spells.
Aiming: Mephitic Cloud (safe; 17% risk of failure)
Press: ? - help, Shift-Dir - straight line, f - centaur
Aim: a centaur, wielding a shortbow You miscast Mephitic Cloud.
You are very lightly contaminated with residual magic.
Nothing appears to happen.
The centaur shoots an arrow.
The arrow hits you!
* * * LOW HITPOINT WARNING * * *
Casting: Mephitic Cloud (safe; 17% risk of failure)
Confirm with . or Enter, or press ? or * to list all spells.
Aiming: Mephitic Cloud (safe; 17% risk of failure)
Press: ? - help, Shift-Dir - straight line, f/p - centaur
Aim: a centaur, wielding a shortbow The ball explodes into a vile cloud!
The stinking cloud engulfs the centaur.
Your demonic guardian avoids your attack.
The centaur is engulfed in noxious fumes.
The centaur shoots an arrow.
The arrow hits you!
You die...

....#
#.#####)#####.#
###.#
#.............# #
#.#
######.###.....# #
#.# #....#.#
#.###.# # #.#
#.##.#.###.# #
#.#####.##...#...#
#
#...)...######.###
# ######### #.###
# #@ยง5# # ###c# #
.# # .# # .# # .#
# c. # ## #


You could see a centaur and a friendly shadow imp.

Vanquished Creatures
  Sigmund (D:2)
  A phantom (D:5)
  The ghost of loom the Firebug, an amateur GrFE (D:3)
  2 scorpions (D:5)
  2 hounds (D:4)
  2 orc wizards (D:3)
  Terence (D:3)
  3 worker ants
  Robin (D:2)
  3 gnolls (D:5)
  A howler monkey skeleton (D:5)
  7 adders
  A shadow imp (D:5)
  3 oozes
  An adder skeleton (D:4)
  2 worms
  A dart slug (D:2)
  3 leopard geckos
  5 orcs (D:3)
  4 giant cockroaches
  18 goblins
  10 hobgoblins
  9 jackals
  10 kobolds
  2 quokkas
  A ball python (D:1)
  10 bats
  7 frilled lizards
  A rat (D:3)
113 creatures vanquished.

Vanquished Creatures (collateral kills)
  An orc (D:3)
  A kobold (D:3)
2 creatures vanquished.

Grand Total: 115 creatures vanquished

Notes
Turn   | Place    | Note
-------+----------+-------------------------------------------
     0 | D:1      | Kaname the Demonspawn Wizard began the quest for the Orb.
     0 | D:1      | Reached XP level 1. HP: 13/13 MP: 4/4
   424 | D:1      | Reached skill level 2 in Conjurations
   429 | D:1      | Gained mutation: You have a pair of small horns on your head. [demonic ancestry]
   429 | D:1      | Reached XP level 2. HP: 19/19 MP: 1/6
   802 | D:1      | Reached skill level 3 in Conjurations
   812 | D:1      | Reached XP level 3. HP: 24/24 MP: 4/7
  1088 | D:2      | Learned a level 2 spell: Blink
  1092 | D:2      | Learned a level 3 spell: Mephitic Cloud
  1293 | D:2      | Found a bloodstained altar of Trog.
  1375 | D:2      | Noticed Sigmund
  1486 | D:2      | Killed Sigmund
  1486 | D:2      | Reached skill level 5 in Conjurations
  1486 | D:2      | Reached XP level 4. HP: 20/30 MP: 0/8
  1486 | D:2      | Reached XP level 5. HP: 24/35 MP: 0/9
  2141 | D:2      | Noticed Robin
  2226 | D:2      | Killed Robin
  2226 | D:2      | Reached skill level 6 in Conjurations
  2465 | D:3      | Reached skill level 1 in Translocations
  2482 | D:3      | Noticed Terence
  2512 | D:3      | Killed Terence
  2512 | D:3      | Gained mutation: A weak demonic guardian rushes to your aid. [demonic ancestry]
  2512 | D:3      | Reached XP level 6. HP: 41/41 MP: 2/10
  2671 | D:3      | Noticed loom's ghost (amateur GrFE)
  2687 | D:3      | Killed loom's ghost
  2944 | D:3      | Learned a level 3 spell: Conjure Flame
  3379 | D:4      | Reached skill level 1 in Short Blades
  3811 | D:4      | Reached XP level 7. HP: 46/46 MP: 5/11
  4021 | D:5      | Entered Level 5 of the Dungeon
  4657 | D:5      | Found a staircase to the Ecumenical Temple.
  4737 | D:5      | Shot with an arrow by a centaur

Vault maps used:
D:1:      zelgadis_glass_arrival_small
D:2:      lemuel_doored_altar, uniq_sigmund, uniq_robin
D:3:      uniq_terence
D:4:      first_ration, small_statue_intersection
D:5:      minmay_temple_entry_grid, basic_altar, uniq_crazy_yiuf_cottage

Skill      XL: |  1  2  3  4  5  6  7 |
---------------+----------------------+-----
Conjurations   | 2 3 5 6 |  6.2
Translocations | 1 |  1.0
Stealth        | 2 4 |  4.0
Short Blades   | 1 4 |  4.0
Dodging        | |  1.7
Spellcasting   | |  3.0
Summonings     | |  1.0

Action                   |  1- 3 |  4- 6 |  7- 9 || total
-------------------------+-------+-------+-------++-------
Melee: Club              |    16 |    34 |       ||    50
       Unarmed           |     5 |       |       ||     5
       Dagger            |     7 |       |       ||     7
       Headbutt          |     5 |    11 |     6 ||    22
       Spear             |    39 |    36 |    13 ||    88
       Mace              |       |     4 |    27 ||    31
 Cast: Magic Dart        |    72 |   112 |    36 ||   220
       Mephitic Cloud    |     1 |     1 |     1 ||     3
Evoke: Wand              |       |     2 |       ||     2
  Use: Scroll            |     2 |    10 |       ||    12
 Stab: Confused          |     3 |     1 |       ||     4
       Sleeping          |     2 |     3 |     1 ||     6
  Eat: Chunk             |     1 |     8 |     2 ||    11
Armor: Robe              |    15 |    10 |     6 ||    31
Dodge: Dodged            |    44 |    38 |    26 ||   108

Table legend:
 A = Spawn XP
 B = Non-spawn XP
 C = Spawn XP percentage of total XP
 D = Spawn monster count
 E = Non-spawn monster count
 F = Spawn count percentage of total count
 G = Total turns spent on level
                    A         B        C        D         E        F      G
               +---------+---------+-------+---------+---------+-------+---------
         Total |       0 |    1192 |   0.0 |       0 |     115 |   0.0 |  4737
               +---------+---------+-------+---------+---------+-------+---------
           D:1 |       0 |      45 |   0.0 |       0 |      28 |   0.0 |  1064
           D:2 |       0 |     331 |   0.0 |       0 |      38 |   0.0 |  1366
           D:3 |       0 |     280 |   0.0 |       0 |      25 |   0.0 |   906
           D:4 |       0 |     157 |   0.0 |       0 |      12 |   0.0 |   685
           D:5 |       0 |     379 |   0.0 |       0 |      12 |   0.0 |   716
               +---------+---------+-------+---------+---------+-------+---------
